 Dungeon Crawl Stone Soup version 0.32-a0-695-g7accb7e (webtiles) character file.

Game seed: 10512138582343701572

1227 Toastz the Cudgeller (level 8, -5/87 HPs)
             Began as an Oni Berserker on Mar 12, 2024.
             Was a Believer of Trog.
             Killed by divine providence
             ... invoked by an orc priest
              (9 damage)
             ... on level 6 of the Dungeon.
             The game lasted 00:07:42 (4641 turns).

Toastz the Cudgeller (Oni Berserker)                Turns: 4641, Time: 00:07:43

Health: -5/87      AC:  7    Str: 24    XL:     8   Next: 48%
Magic:  8/8        EV: 12    Int:  8    God:    Trog [**....]
Gold:   272        SH:  0    Dex: 14    Spells: 7/7 levels left

rFire   . . .        a - +0 flail
rCold   . . .        (no shield)
rNeg    . . .        b - +0 animal skin
rPois   .            (helmet restricted)
rElec   .            (no cloak)
rCorr   .            (gloves unavailable)
SInv    .            (boots unavailable)
Will    .....        (no amulet)
Stlth   +            e - +4 ring of protection
HPRegen 0.34/turn    q - +6 ring of dexterity
MPRegen 0.11/turn

%: no passive effects
@: weak-willed, weakened, on berserk cooldown, hasted and slowed
A: large, unfitting armour, horns 1, tough skin 1, double potion healing,
drunken brawling
a: Renounce Religion, Berserk, Trog's Hand


You were on level 6 of the Dungeon.
You worshipped Trog.
Trog was pleased with you.
You visited 2 branches of the dungeon, and saw 7 of its levels.

You collected 272 gold pieces.

Inventory:

Hand Weapons
 a - a +0 flail (weapon)
Missiles
 k - 6 poisoned darts (quivered)
Armour
 b - a +0 animal skin (worn)
 t - a +0 kite shield
Jewellery
 e - a +4 ring of protection (left hand)
 q - a +6 ring of dexterity (right hand)
 s - a ring of protection from fire
Scrolls
 c - 3 scrolls of blinking
 g - a scroll of amnesia {unknown}
 l - 2 scrolls of enchant weapon
 o - a scroll of revelation
 r - 2 scrolls of teleportation
Potions
 d - a potion of berserk rage {unknown}
 f - a potion of mutation {unknown}
 i - a potion of enlightenment {unknown}
 j - a potion of curing
 n - a potion of haste


   Skills:
 + Level 7.6 Fighting
 * Level 7.6 Maces & Flails
 + Level 5.2 Dodging


You had 7 spell levels left.
You didn't know any spells.
Your spell library contained the following spells:

 Spells                   Type           Power      Damage    Failure   Level
 Blink                    Tloc           0%         N/A       54%         2
 Lesser Beckoning         Tloc           0%         N/A       54%         2
 Momentum Strike          Conj/Tloc      0%         3d8       54%         2


Dungeon Overview and Level Annotations

Branches:
Dungeon (6/15)             Temple (1/1) D:6

Altars:
Cheibriados
Fedhas
Gozag
Hepliaklqana
Kikubaaqudgha
Makhleb
Nemelex Xobeh
Okawaru
Qazlal
Ru
Trog
Uskayaw
Vehumet
Wu Jian
Xom
Yredelemnul

Shops:
D:4 [   D:6 =


Innate Abilities, Weirdness & Mutations

You are too large for most types of armour.
You have a pair of small horns on your head.
You have tough skin. (AC +1)
You gain doubled healing and magic from potions.
Whenever you drink a healing potion, you attack all around you.


Message History

Something hits you but does no damage. The orc priest misses you.
A white imp comes into view.
The gnoll hits you with a +0 whip. The hound attacks as it pursues you!
The hound bites you. Something hits you.
The gnoll bouda gazes fiercely through you!
You feel as though you will be weak longer.
The hound barely misses you. The gnoll closely misses you. x2
The white imp shouts, "Quit, thou pottle-deep boil-brained clotpole!"
The orc priest looks braver for a moment.
The hound bites you but does no damage.
The gnoll hits you from afar with a +0 halberd!
Something hits you but does no damage.
As you read the scroll labelled PURASM XADIBLI, it crumbles to dust.
Your body is wracked with pain!
* * * LOW HITPOINT WARNING * * *
Something is bathed in an unholy light!
The gnoll convulses!
The hound convulses!
The gnoll convulses! x2; The orc priest convulses!
The gnoll bouda convulses!
It was a scroll of torment.
The hound bites you but does no damage. The gnoll closely misses you.
The hound barely misses you. Something hits you.
* * * LOW HITPOINT WARNING * * *
The gnoll barely misses you. The hound bites you.
* * * LOW HITPOINT WARNING * * *
The gnoll hits you from afar with a +0 halberd!
* * * LOW HITPOINT WARNING * * *
It was a potion of haste.
You feel yourself speed up. The hound closely misses you.
Something hits you but does no damage. The gnoll hits you but does no damage.
The gnoll closely misses you. The hound bites you but does no damage.
Something hits you.
* * * LOW HITPOINT WARNING * * *
The orc priest casts a cantrip, but nothing happens.
As you read the scroll labelled OLE XU VAINIQOK, it crumbles to dust.
A wave of despondency washes over your surroundings.
It was a scroll of vulnerability.
The hound barely misses you. The gnoll hits you with a +0 whip!
* * * LOW HITPOINT WARNING * * *
The gnoll barely misses you.
The orc priest calls down the wrath of Beogh upon you.
Beogh smites you!
You die...

#######.##.####...
#....#...
#............
#...##.[<
#.......>....
#...#####
#............ #....
#.....##'######....
#....)# .....#
##..).##......
#....gg.......
#.....@.......
#...oh##.....#
##..gg# +#####
#...g?# #...5.#
#.....# #....##
#....# #.....


You could see a gnoll bouda (weak-willed), a hound (weak-willed), an orc priest
(weak-willed), 4 gnolls and a white imp.

Vanquished Creatures
  Jeremiah (D:6)
  An ice beast (D:6)
  A phantom (D:4)
  A bullfrog (D:6)
  6 scorpions
  A jelly (D:5)
  A sleepcap (D:4)
  2 hounds (D:5)
  2 orc priests (D:5)
  Natasha (twice) (D:3)
  4 adders
  3 gnolls (D:5)
  A white imp (D:3)
  3 dart slugs
  A ribbon worm (D:2)
  20 orcs
  2 bats (D:1)
  10 endoplasms
  2 giant cockroaches
  2 goblins
  4 hobgoblins
  9 kobolds
  5 ball pythons
  3 frilled lizards (D:3)
87 creatures vanquished.

Notes
Turn   | Place    | Note
-------+----------+-------------------------------------------
     0 | D:1      | Toastz the Oni Berserker began the quest for the Orb.
     0 | D:1      | Reached XP level 1. HP: 24/24 MP: 1/1
   152 | D:1      | Reached XP level 2. HP: 28/32 MP: 2/2
   211 | D:1      | Found a faded altar of an unknown god.
   877 | D:2      | Reached XP level 3. HP: 35/40 MP: 3/3
  1691 | D:3      | Found a bloodstained altar of Trog.
  1717 | D:3      | Reached ** piety under Trog
  1851 | D:3      | Noticed Natasha
  1851 | D:3      | Noticed a scorpion
  1859 | D:3      | Killed a scorpion
  1860 | D:3      | Reached skill level 5 in Fighting
  1860 | D:3      | Reached XP level 4. HP: 50/50 MP: 4/4
  1862 | D:3      | Killed Natasha
  1863 | D:3      | Reached XP level 5. HP: 57/57 MP: 5/5
  2165 | D:3      | Noticed Natasha
  2175 | D:3      | Killed Natasha
  2433 | D:4      | Noticed a phantom
  2446 | D:4      | Killed a phantom
  2447 | D:4      | Reached skill level 5 in Maces & Flails
  2447 | D:4      | Reached XP level 6. HP: 66/66 MP: 6/6
  2638 | D:4      | Found a burning altar of Makhleb.
  2852 | D:4      | Found Iddanuil's Armour Shoppe.
  3075 | D:4      | Found an ancient bone altar of Kikubaaqudgha.
  3101 | D:4      | Found a shimmering altar of Xom.
  3262 | D:5      | Entered Level 5 of the Dungeon
  3435 | D:4      | Reached XP level 7. HP: 53/75 MP: 7/7
  4325 | D:6      | Found a staircase to the Ecumenical Temple.
  4524 | Temple   | Entered the Ecumenical Temple
  4550 | D:6      | Reached XP level 8. HP: 84/87 MP: 8/8
  4563 | D:6      | Found Pyifenes's Jewellery Emporium.
  4614 | D:6      | Noticed Jeremiah
  4622 | D:6      | Killed Jeremiah
  4623 | D:6      | Reached skill level 5 in Dodging
  4641 | D:6      | HP: 4/87 [gnoll/+0 whip[a gnoll bouda] (7)]
  4641 | D:6      | Killed from afar by an orc priest

Illustrated notes

Levels and vault maps discovered:
D:1:      onia_arrival_mini_spirals, layout_basic, basic_ecumenical_altar
D:2:      layout_basic
D:3:      layout_rooms, mainiacjoe_overflow_catwalk,
          chequers_serial_rivers_micro_b, uniq_natasha
D:4:      layout_basic, general_overflow_altar, mainiacjoe_overflow_two_lobes,
          serial_shops, nicolae_shop_tiny_waterfront, corexii_checkpoint
D:5:      layout_rooms
D:6:      layout_gridville, mainiacjoe_overflow_six_doors_small,
          temple_fountains, serial_shops, nicolae_shop_statue_plus,
          uniq_jeremiah
Temple:   chequers_temple_sunken

Skill      XL: |  1  2  3  4  5  6  7  8 |
---------------+-------------------------+-----
Dodging        | 3 4 5 |  5.2
Fighting       | 5 6 7 |  7.6
Maces & Flails | 4 5 6 7 |  7.6

Action                     |  1- 3 |  4- 6 |  7- 9 || total
---------------------------+-------+-------+-------++-------
  Melee: Mace              |    73 |       |       ||    73
         Headbutt          |    16 |    17 |    20 ||    53
         Flail             |    16 |    96 |    83 ||   195
 Invoke: Berserk           |     1 |     1 |     1 ||     3
    Use: Scroll            |       |       |     6 ||     6
         Potion            |       |       |     2 ||     2
   Stab: Sleeping          |     1 |       |     1 ||     2
 Armour: Animal skin       |    59 |    86 |   104 ||   249
  Dodge: Dodged            |    52 |    43 |    83 ||   178

Table legend: (Time is in decaauts)
 A = Elapsed time spent in this place.
 B = Non-inter-level travel time spent in this place.
 C = Inter-level travel time spent in this place.
 D = Time resting spent in this place.
 E = Time spent auto-exploring this place.
 F = Levels seen in this place.
 G = Mean time per level.
                   A        B        C        D        E       F      G
               +--------+--------+--------+--------+--------+-----+--------+
         Total |   4698 |   4552 |    146 |    901 |   2920 |   7 |  671.1 |
       Dungeon |   4696 |   4550 |    146 |    901 |   2920 |   6 |  782.7 |
        Temple |      1 |      1 |      0 |      0 |      0 |   1 |    1.0 |
               +--------+--------+--------+--------+--------+-----+--------+

Top non-repeatable levels by time:
     D:4: 1228 daAuts
     D:5: 859 daAuts
     D:2: 848 daAuts
     D:1: 839 daAuts
     D:3: 776 daAuts
     D:6: 145 daAuts
  Temple: 1 daAuts
